Map: Thunderbird LE

Players

Noose

  • Race: Terran Terran
  • Spawn Location: 11:00

A.I. 1 (Elite) - Winner!

  • Race: Protoss Protoss
  • Spawn Location: 5:00

VOD

Have the link to the VOD?

Description

Time

  • Played on: July 14, 2019, 8:29 a.m.
  • Length: 7:27
Show
View Real Time Build Order
Export as new Build Order

Noose Terran 

Build Orders: 1/1/1 

Get SALT Encoding   

  12  0:01  SCV  
  13  0:13  SCV  
  14  0:18  Supply Depot  
  14  0:25  SCV  
  15  0:31  Refinery  
  15  0:42  Barracks  
  15  0:44  SCV  
  17  0:57  SCV  
  17  1:09  SCV  
  18  1:21  SCV  
  18  1:24  Supply Depot  
  19  1:29  Marine  
  20  1:33  Factory  
  20  1:34  Orbital Command  
  20  1:46  Marine  
  21  1:49  Barracks  
  21  1:59  SCV  
  22  2:04  Marine  
  23  2:13  Refinery  
  23  2:14  SCV  
  24  2:19  Starport  
  24  2:22  Marine  
  25  2:26  SCV  
  25  2:28  Factory Reactor  
  26  2:33  Supply Depot  
  26  2:40  Marine  
  26  2:43  SCV  
  28  2:44  Marine  
  29  2:55  Medivac, SCV  
  32  3:01  Supply Depot  
  32  3:02  Marine  
  33  3:07  SCV  
  34  3:14  Marine x2  
  36  3:20  Barracks Tech Lab  
  36  3:25  Medivac  
  36  3:26  Barracks  
  38  3:27  SCV  
  38  3:31  Marine  
  38  3:32  Marine  
  41  3:36  Supply Depot  
  41  3:40  Marine  
  42  3:42  Stimpack  
  42  3:49  Marine  
  42  3:50  Marine  
  44  3:58  Marauder  
  46  4:07  Marine x2, Supply Depot, SCV  
  49  4:14  Marine  
  50  4:18  Medivac  
  52  4:28  Marine x2  
  52  4:29  Marauder  
  56  4:32  Marine  
  57  4:38  Supply Depot  
  57  4:46  Marine x2  
  57  4:48  Medivac  
  57  4:50  Marine  
  62  5:00  Marauder  
  62  5:01  Supply Depot  
  62  5:04  Marine x2  
  66  5:07  Marine  
  67  5:18  Medivac  
  69  5:21  Marauder  
  69  5:22  Marine x2  
  69  5:25  Marine  
  69  5:26  Supply Depot  
  74  5:40  Marine x2  
  78  5:43  Marauder  
  78  5:44  Marine  
  78  5:49  Supply Depot  
  79  6:02  Command Center  
  79  6:03  Marine x2  
  81  6:05  Medivac  
  81  6:09  Marine  
  84  6:14  Marauder  
  86  6:19  Supply Depot  
  86  6:21  Marine  
  87  6:32  Marine  
  87  6:33  Marine  
Show
View Real Time Build Order
Export as new Build Order

A.I. 1 (Elite) Protoss - Winner!

Build Orders: Colossus Rush 

Get SALT Encoding   

  12  0:00  Probe  
  13  0:13  Probe  
  14  0:19  Pylon  
  14  0:25  Probe  
  15  0:34  Probe  
  15  0:42  Probe  
  16  0:47  Assimilator  
  17  0:50  Gateway  
  17  0:52  Probe  
  18  1:00  Probe  
  18  1:01  Pylon  
  19  1:08  Probe  
  19  1:18  Probe  
  21  1:30  Probe  
  22  1:38  Zealot  
  24  1:41  Cybernetics Core  
  24  1:42  Probe  
  25  1:59  Probe, Nexus  
  26  2:07  Probe  
  26  2:08  Warp Gate  
  26  2:15  Probe  
  27  2:18  Stalker  
  30  2:26  Pylon  
  30  2:27  Probe  
  31  2:37  Gateway  
  31  2:40  Assimilator  
  31  2:44  Probe  
  31  2:48  Adept  
  34  2:55  Pylon  
  34  2:56  Probe  
  35  3:06  Probe  
  35  3:09  Probe  
  37  3:18  Adept  
  39  3:21  Probe  
  39  3:22  Robotics Facility  
  39  3:25  Adept  
  39  3:26  Probe  
  42  3:33  Probe  
  44  3:39  Probe  
  45  3:45  Probe  
  46  3:48  Adept  
  46  3:51  Probe  
  49  3:57  Probe  
  49  4:02  Adept  
  52  4:03  Probe  
  52  4:07  Probe  
  54  4:11  Robotics Bay, Probe  
  54  4:13  Pylon  
  54  4:15  Observer, Probe  
  56  4:19  Probe  
  56  4:22  Adept, Robotics Facility  
  60  4:30  Stalker, Pylon  
  62  4:38  Pylon  
  62  4:39  Probe  
  62  4:40  Probe  
  62  4:42  Stalker  
  66  5:00  Gateway  
  66  5:04  Colossus  
  66  5:09  Pylon, Zealot  
  66  5:12  Zealot  
  76  5:22  Pylon  
  76  5:29  Zealot  
  76  5:33  Zealot  
  80  5:45  Probe x2  
  80  5:47  Assimilator  
  82  5:50  Stalker, Forge  
  82  5:51  Assimilator  
  82  5:53  Sentry  
  82  5:54  Stalker  
  82  5:56  Nexus, Forge  
  88  6:09  Probe x2  
  90  6:13  Stalker  
  90  6:15  Pylon  
  90  6:18  Probe, Immortal  
  96  6:22  Probe  
  98  6:26  Probe  
  98  6:28  Immortal  
  98  6:31  Zealot  
  100  6:33  Zealot  
  100  6:34  Probe  
  102  6:40  Probe  
  102  6:41  Stalker  
  102  6:46  Probe  
  90  6:48  Pylon  
  90  6:52  Stalker, Probe  
  77  6:58  Probe  
  64  7:04  Zealot  
  63  7:10  Probe  
  63  7:11  Probe  
  63  7:15  Stalker, Probe  
  68  7:19  Zealot  
Tags
 
Matchup
PvT
Opening
1/1/1
Spawn Locations
Cross Positions
Add a new tag
Caveats
  • Supply blocks, unpowered buildings, or Contaminate may cause inaccurate times.
  • Supply counts are checked every 10 seconds.